 Dungeon Crawl Stone Soup version 0.24-a0-581-gc0fa6600bf (webtiles) character file.

Game seed: 15481100983727842342

184 Eightlegvermin the Conjurer (level 5, -3/38 HPs)
             Began as a Draconian Conjurer on Aug 24, 2019.
             Slain by a bullfrog (6 damage)
             ... on level 6 of the Dungeon.
             The game lasted 00:16:05 (4186 turns).

Eightlegvermin the Conjurer (Draconian Conjurer)    Turns: 4186, Time: 00:16:06

Health: -3/38      AC:  5    Str: 10    XL:     5   Next: 36%
Magic:  8/9        EV: 12    Int: 16    God:
Gold:   169        SH:  0    Dex: 12    Spells: 0/10 levels left

rFire    . . .     SeeInvis .   (no weapon)
rCold    . . .     Gourm    .   (no shield)
rNeg     . . .     Faith    .   (armour unavailable)
rPois    .         Spirit   .   (helmet restricted)
rElec    .         Reflect  .   (no cloak)
rCorr    .         Harm     .   (no gloves)
MR       .....                  (no boots)
Stlth    ++........             (no amulet)
HPRegen  0.12/turn              (no ring)
MPRegen  0.11/turn              (no ring)

@: no status effects
A: unfitting armour, cold-blooded, AC +5
a: no special abilities


You were on level 6 of the Dungeon.
You were hungry.

You visited 1 branch of the dungeon, and saw 5 of its levels.

You collected 169 gold pieces.

Inventory:

Missiles
 j - 14 arrows
Jewellery
 h - a +3 ring of intelligence {unknown}
 l - a cursed amulet of inaccuracy {unknown}
 o - an uncursed ring of ice {unknown}
 p - an uncursed ring of see invisible {unknown}
Wands
 q - a wand of random effects (16)
 r - a wand of polymorph (2)
Scrolls
 a - a scroll of remove curse
 e - a scroll of blinking
 n - 2 scrolls of identify {unknown}
 s - a scroll of teleportation
 t - a scroll of summoning {unknown}
 u - a scroll of fog
Potions
 c - a potion of ambrosia {unknown}
 d - a potion of berserk rage {unknown}
 f - a potion of flight {unknown}
 g - a potion of lignification {unknown}
 i - a potion of might {unknown}
 k - a potion of curing {unknown}
 m - a potion of magic {unknown}
Comestibles
 b - 8 rations
 v - 3 chunks of flesh


   Skills:
 - Level 1.8 Dodging
 - Level 3.0 Stealth
 + Level 3.3 Spellcasting
 + Level 5.4 Conjurations


You couldn't memorise any spells.
You knew the following spells:

 Your Spells              Type           Power        Failure   Level  Hunger
a - Magic Dart            Conj           ###.         1%          1    None
b - Searing Ray           Conj           ###...       3%          2    ##.....
c - Dazzling Spray        Conj/Hex       ##....       19%         3    ###....
d - Iskenderun's Mystic   Conj           ###.....     21%         4    ####...

Your spell library contained the following spells:

 Spells                   Type           Power        Failure   Level  Hunger
 Force Lance              Conj/Tloc      ##......     52%         4    ####...
 Fulminant Prism          Conj/Hex       ##........   52%         4    ####...


Dungeon Overview and Level Annotations

Branches:
Dungeon (6/15)
 Temple: D:4-7

Altars:
Hepliaklqana
Trog


Innate Abilities, Weirdness & Mutations

Your plain brown scales are hard. (AC +5)
You cannot fit into any form of body armour.
You are cold-blooded and may be slowed by cold attacks.


Message History

Found 19 gold pieces.
Found a chain mail.
A phantom comes into view.
The bullfrog misses you. The bullfrog hits you. The bullfrog hits you!
An adder comes into view.
The bullfrog barely misses you. The bullfrog closely misses you.
The bullfrog closely misses you.
The bullfrog hits you but does no damage.
The bullfrog hits you.
The phantom blinks!
The bullfrog hits you.
* * * LOW HITPOINT WARNING * * *
The bullfrog closely misses you. The bullfrog hits you.
* * * LOW HITPOINT WARNING * * *
Found a ration.
The phantom blinks!
The bullfrog hits you.
You die...

..............#....#
#.............#.ยง..#
#...[.........#....#
#.......##....#....#
#.......##.$..#.o..#
#.............+....#
+............##...##
....... ....##.F.##
.... ...#..@..#
#.....# +.....#
#.....# ##...## #...#
#.%.. .....


You could see a bullfrog and an orc.

Vanquished Creatures
  Ijyb (D:3)
  Natasha (D:1)
  Terence (D:2)
  2 adders
  3 worms
  3 dart slugs
  2 leopard geckos
  3 orcs
  3 giant cockroaches
  7 hobgoblins
  9 jackals
  A quokka (D:3)
  3 ball pythons
  5 bats
  6 frilled lizards
  3 goblins
  11 kobolds
  10 rats
74 creatures vanquished.

Notes
Turn   | Place    | Note
-------+----------+-------------------------------------------
     0 | D:1      | Eightlegvermin the Draconian Conjurer began the quest for
                  | the Orb.
     0 | D:1      | Reached XP level 1. HP: 14/14 MP: 3/3
   493 | D:1      | Reached XP level 2. HP: 20/20 MP: 0/5
  1447 | D:2      | Reached XP level 3. HP: 21/26 MP: 0/6
  1535 | D:2      | Noticed Natasha
  1575 | D:1      | Killed Natasha
  2052 | D:1      | Reached XP level 4. HP: 17/33 MP: 0/7
  2303 | D:2      | Noticed Terence
  2413 | D:2      | Learned a level 2 spell: Searing Ray
  2417 | D:2      | Learned a level 3 spell: Dazzling Spray
  2519 | D:2      | Killed Terence
  2519 | D:2      | Reached skill level 5 in Conjurations
  3091 | D:3      | Noticed Ijyb
  3436 | D:3      | Reached XP level 5. HP: 38/38 MP: 1/9
  3712 | D:3      | Found a bloodstained altar of Trog.
  3804 | D:3      | Learned a level 4 spell: Iskenderun's Mystic Blast
  3927 | D:3      | Killed Ijyb
  3992 | D:3      | You fall into a shaft and drop 3 floors!
  3992 | D:6      | Found a hazy altar of Hepliaklqana.
  4023 | D:5      | Entered Level 5 of the Dungeon
  4023 | D:5      | Noticed an ogre
  4145 | D:6      | Noticed an orc warrior
  4166 | D:6      | Noticed a phantom
  4186 | D:6      | Slain by a bullfrog

Levels and vault maps discovered:
D:1:      dpeg_arrival_shelter, layout_loops_corners, st_stairs_8
D:2:      layout_loops_ring, roderic_nine_men_s_morris,
          minmay_fractal_squares_5, uniq_terence, uniq_natasha
D:3:      layout_rooms, overflow_temple_1_default, lemuel_crystal_altar,
          lemuel_zombie_altar_kikubaaqudgha, first_ration, serial_rivers,
          chequers_serial_rivers_micro_a, chequers_serial_rivers_small_b,
          chequers_serial_rivers_room_a, chequers_serial_rivers_small_a,
          serial_bayou_lagoon_a, uniq_ijyb
D:5:      layout_basic, nicolae_overflow_crystal_walls, guppyfry_shop_venom
D:6:      layout_gridville, gammafunk_temple_overflow_pools, basic_altar,
          sword_in_stone, uniq_pikel

Skill      XL: |  1  2  3  4 |
---------------+-------------+-----
Stealth        | 2 3 |  3.0
Conjurations   | 5 |  5.4
Spellcasting   | 3 |  3.3
Dodging        | |  1.8

Action                   |  1- 3 |  4- 6 || total
-------------------------+-------+-------++-------
Melee: Unarmed           |    41 |    37 ||    78
       Tailslap          |     1 |     1 ||     2
 Cast: Magic Dart        |    72 |    92 ||   164
       Searing Ray       |       |     4 ||     4
       Iskenderun's Myst |       |     3 ||     3
  Use: Scroll            |     6 |     3 ||     9
 Stab: Sleeping          |     1 |       ||     1
       Confused          |       |     2 ||     2
  Eat: Chunk             |     4 |     8 ||    12
Armor: Skin              |    32 |    29 ||    61
Dodge: Dodged            |    64 |    60 ||   124

Table legend:
 A = Non-vault XP
 B = Vault XP
 C = Vault XP percentage of total XP
 D = Non-vault monster count
 E = Vault monster count
 F = Vault count percentage of total count
                 A         B        C        D         E       F
            +---------+---------+-------+---------+---------+-------
      Total |     133 |     131 |  49.6 |      64 |      10 |  13.5
            +---------+---------+-------+---------+---------+-------
        D:1 |      23 |      50 |  68.5 |      13 |       3 |  18.8
        D:2 |      65 |      45 |  40.9 |      29 |       6 |  17.1
        D:3 |      32 |      36 |  52.9 |      17 |       1 |   5.6
        D:6 |      13 |       0 |   0.0 |       5 |       0 |   0.0
            +---------+---------+-------+---------+---------+-------
